AoeStats
← fischkopp_ffm

Arabia

520957504Analyzed
1v1 RM · 1d ago on Nov 14, 2026· 23m 10s· 2 players
Game mode
Random Map
Map size
Tiny (2 player)
Population
200
Speed
Normal
Resources
Standard
Victory
Conquest
Starting age
Dark Age
Ending age
Imperial Age
RankedLock teamsTeams togetherTeam positionsShared explorationLock speedFull tech treeHidden civsTurbo modeCheats
Victory
Defeat
🇩🇪 Bulgarians · Germany
1108
+13
vs
🇯🇵 Muisca · Japan
1052
-13
dirthmelon
7:16 Loom
9:45 Feudal Age
10:32 Double-Bit Axe
13:46 Fletching
17:36 Padded Archer Armor
18:44 Champi Runner
19:25 Scale Mail Armor
19:36 Forging
20:31 Wheelbarrow
20:06 Horse Collar
fischkopp_ffm
6:43 Loom
9:48 Feudal Age
12:48 Double-Bit Axe
13:04 Horse Collar
13:41 Fletching
16:47 Padded Archer Armor
23:04 Castle Age
21:45 Gold Mining
Connection lost

Rejoining the realm…

Still unreachable

The connection could not be restored.

Session expired

The server has moved on; the page needs a fresh start.